 Dungeon Crawl Stone Soup version 0.32-a0-172-gc5dd13f2a7 (webtiles) character file.

Game seed: 4504685723537366743

8798 Zonian the Fighter (level 11, -1/53 (62) HPs)
             Began as a Vine Stalker Fighter on Feb 13, 2024.
             Was a Believer of Elyvilon.
             Slain by a wight
             ... wielding a +4 spear of freezing
              (2 damage)
             ... on level 10 of the Dungeon.
             The game lasted 00:22:46 (7207 turns).

Zonian the Fighter (Vine Stalker Fighter)           Turns: 7207, Time: 00:22:47

HP:   -1/53 (62)    AC: 11    Str: 25    XL:     11   Next: 36%
MP:   0/12          EV:  9    Int:  8    God:    Elyvilon [**....]
Gold: 381           SH:  5    Dex: 18    Spells: 10/10 levels left

rFire   + + .        j - +7 flail of the Destroying Gods {spect, Will+, mace}
rCold   . . .        c - +0 buckler
rNeg    . . .        b - +0 scale mail
rPois   .            P - +0 hat of the Ornamental God {^Contam rF+ Will+ Slay+2}
rElec   .            (no cloak)
rCorr   .            (no gloves)
SInv    .            E - +2 pair of boots {rampage}
Will    +++..        (no amulet) Stlth
                     q - +6 ring of strength
HPRegen 1.08/turn    w - ring of protection from fire
MPRegen 0.13/turn

%: guardian spirit, rampage
@: lethally poisoned (-1 -> -1), studying Summonings, heavily drained
A: fangs 3, regeneration 1, magic shield, antimagic bite, no potion heal 2
a: Renounce Religion, Purification, Heal Other


You were on level 10 of the Dungeon.
You worshipped Elyvilon.
Elyvilon was pleased with you.
You visited 2 branches of the dungeon, and saw 11 of its levels.
You also visited: Bailey.

You collected 451 gold pieces.
You spent 70 gold pieces at shops.


Innate Abilities, Weirdness & Mutations

You have razor-sharp teeth.
Your natural rate of healing is unusually fast.
When hurt, damage is shared between your health and your magic reserves.
Your bite disrupts and absorbs the magic of your enemies.
Potions cannot restore your health.


   Skills:
 + Level 9.6 Fighting
 - Level 2.3 Short Blades
 + Level 8.8 Maces & Flails
 + Level 8.6 Armour
 - Level 4.3 Shields


You had 10 spell levels left.
You didn't know any spells.
Your spell library contained the following spells:

 Spells                   Type           Power      Damage    Failure   Level
 Kiss of Death            Conj/Necr      0%         2d5       73%         1
 Sandblast                Erth           0%         2d4       73%         1
 Blink                    Tloc           0%         N/A       86%         2
 Lesser Beckoning         Tloc           0%         N/A       86%         2
 Momentum Strike          Conj/Tloc      0%         3d8       86%         2
 Static Discharge         Conj/Air       0%         3-3/arc   86%         2
 Call Canine Familiar     Summ           0%         N/A       97%         3
 Confusing Touch          Hex            0%         N/A       97%         3
 Ozocubu's Armour         Ice            0%         N/A       97%         3
 Passwall                 Erth           0%         N/A       97%         3
 Sigil of Binding         Hex            0%         N/A       97%         3
 Stone Arrow              Conj/Erth      0%         3d7       97%         3
 Airstrike                Air            0%         2d(0-16)  100%        4
 Brom's Barrelling Bould  Conj/Erth      0%         2d3       100%        4
 Dimensional Bullseye     Hex/Tloc       0%         N/A       100%        4
 Dispel Undead            Necr           0%         3d6       100%        4
 Summon Lightning Spire   Summ/Air       0%         N/A       100%        4
 Fireball                 Conj/Fire      0%         3d3       100%        5
 Iskenderun's Battlesphe  Conj           0%         2d6       100%        5
 Metabolic Englaciation   Hex/Ice        0%         N/A       100%        5
 Conjure Ball Lightning   Conj/Air       0%         3x3d6     100%        6
 Sculpt Simulacrum        Ice/Alch       0%         N/A       100%        6
 Haunt                    Necr/Summ      0%         N/A       100%        7
 Orb of Destruction       Conj           0%         9d5       100%        7
 Borgnjor's Revivificati  Necr           0%         N/A       100%        8
 Death's Door             Necr           0%         N/A       100%        9

Inventory:

Hand Weapons
 a - a +1 rapier {short}
 f - a +0 flail of protection {mace}
   (You took it off a goblin on level 1 of the Dungeon)
 j - the +7 flail of the Destroying Gods (weapon) {spect, Will+, mace}
   (You found it on level 2 of the Dungeon)

   Will+:     It increases your willpower.
 s - the +10 long sword "Tusoest" {freeze, rF+++ Str-3 Dex+4, long}
   (You took it off a goblin on level 4 of the Dungeon)

   Str-3:     It affects your strength (-3).
   Dex+4:     It affects your dexterity (+4).
   rF+++:     It renders you almost immune to fire.
 D - the +7 great mace "Undeadhunter" {deathbane, rN+, mace}
   (You found it in a bailey)

   rN+:       It protects you from negative energy.
Armour
 b - a +0 scale mail (worn)
 c - a +0 buckler (worn)
 k - an orb of mayhem
   (You found it on level 2 of the Dungeon)
 z - a +2 hat
   (You found it on level 6 of the Dungeon)
 A - a +0 pair of boots
   (You found it on level 6 of the Dungeon)
 E - a +2 pair of boots of rampaging (worn)
   (You found it in a bailey)
 F - a +4 chain mail of fire resistance
   (You found it in a bailey)
 P - the +0 hat of the Ornamental God (worn) {^Contam rF+ Will+ Slay+2}
   (You acquired it on level 8 of the Dungeon)

   Slay+2:    It affects your accuracy & damage with ranged weapons and melee
   (+2).
   rF+:       It protects you from fire.
   Will+:     It increases your willpower.
   ^Contam:   It causes magical contamination when unequipped.
 U - the +0 pair of boots of Vanity {Regen+ Str+4}
   (You acquired it on level 9 of the Dungeon)

   Str+4:     It affects your strength (+4).
   Regen+:    It increases your rate of health regeneration.
Jewellery
 q - a +6 ring of strength (left hand)
   (You found it on level 3 of the Dungeon)
 w - a ring of protection from fire (right hand)
   (You found it on level 5 of the Dungeon)
 C - a ring of wizardry
   (You took it off an orc priest on level 7 of the Dungeon)
 H - an amulet of faith {!P}
   (You found it in a bailey)
 N - a ring of willpower
   (You found it on level 8 of the Dungeon)
 R - a ring of resist corrosion
   (You found it on level 9 of the Dungeon)
Wands
 g - a wand of iceblast (5)
   (You found it on level 4 of the Dungeon)
 r - a wand of quicksilver (13)
   (You found it on level 4 of the Dungeon)
 J - a wand of polymorph (10)
   (You took it off an orc on level 7 of the Dungeon)
 Q - a wand of mindburst (12)
   (You found it on level 8 of the Dungeon)
 T - a wand of flame (9)
   (You took it off an orc on level 9 of the Dungeon)
Scrolls
 i - 2 scrolls of teleportation {@r4}
 n - 2 scrolls of fog
 u - a scroll of enchant weapon
 y - 2 scrolls of fear
 B - a scroll of immolation {!r!r}
 L - 2 scrolls of revelation
 S - a scroll of poison {!r}
Potions
 d - 9 potions of might
 e - a potion of enlightenment
 h - 4 potions of curing {@q1}
 l - 2 potions of haste {@q3}
 m - 2 potions of magic
 o - 2 potions of invisibility
 p - a potion of brilliance
 t - 3 potions of mutation {unknown}
 v - a potion of lignification {unknown}
 x - 3 potions of cancellation {unknown}
 G - 2 potions of heal wounds {unknown}
 K - a potion of resistance {unknown}
 M - a potion of degeneration {unknown}
 O - a potion of attraction {unknown}
Miscellaneous
 I - a phantom mirror
   (You found it in a bailey)

Dungeon Overview and Level Annotations

Branches:
Dungeon (10/15) Zot: 26904  Temple (1/1) D:7 Zot: 5976    Lair (0/5) D:9
 Bailey (visited)
    Orc: D:9-12

Altars:
Ashenzari
Cheibriados
Dithmenos
Elyvilon
Fedhas
Gozag
Hepliaklqana
Kikubaaqudgha
Makhleb
Nemelex Xobeh
Okawaru
Qazlal
Ru
Sif Muna
Trog
Uskayaw
Vehumet
Wu Jian
Xom
Yredelemnul
Zin
The Shining One

Shops:
D:4 (! D:5

! #..# # ### #..# #.# ##..
#..# #..##.. #..# #.....#
#..# #..#.#### ...#####
#......# .......###†.....#
...###...†......#### #
.......†........@z.##.####
...#####.........z†.†....#
...# #.##.##z###z##.##...
.... ..)##.##..##... ..
...########.###...###.###
...# #.. ##.. # ...# ##.
##..# ...# .# ... ...# ..
..


You could see 4 wights.


Message History

You bludgeon the howler monkey!!
You kill the howler monkey!
The howler monkey hoots and howls with incredible vigour!
You sock the howler monkey!
You bite the howler monkey, but do no damage.
Your +7 flail of the Destroying Gods {spect, Will+, mace} closely misses the howler monkey.
The howler monkey barely misses you.
You closely miss the howler monkey.
Your +7 flail of the Destroying Gods {spect, Will+, mace} hits the howler monkey.
The howler monkey barely misses your +7 flail of the Destroying Gods {spect, Will+, mace}.
You closely miss the howler monkey. You bite the howler monkey.
You kill the howler monkey!
Your +7 flail of the Destroying Gods {spect, Will+, mace} disappears.
No target in view!
A hornet comes into view.
A hornet is nearby!
You rampage towards the hornet!
A wight comes into view. It is wielding a +5 hand axe.
You thump the hornet! You bite the hornet. You drain its power.
Your +7 flail of the Destroying Gods {spect, Will+, mace} hits the hornet!
The hornet stings you but does no damage.
A wight comes into view. It is wielding a +2 morningstar.
The hornet stings you!
You are poisoned.
You feel yourself slow down. 😕 HP[-9] MP[-2]
You take 9 damage, and now have 53/62 hp.
You lost 2 mp, and now have 10/12 mp.
You barely miss the hornet.
Your +7 flail of the Destroying Gods {spect, Will+, mace} hits the hornet!
You kill the hornet!
You feel very sick.
A wight comes into view. It is wielding a +0 halberd.
The wight hits your +7 flail of the Destroying Gods {spect, Will+, mace} with a +5 hand axe!
Your spectral weapon shares its damage with you! 😕 HP[-6] MP[-1]
You take 6 damage, and now have 47/62 hp.
You lost 1 mp, and now have 9/12 mp.
You swap places.
Your +7 flail of the Destroying Gods {spect, Will+, mace} disappears.
You feel sick. The wight hits you with a +5 hand axe.
You feel drained.
You see here a hornet corpse. 😮 HP[-5] MP[-1]
You now have 60 max hp (-2).
You take 5 damage, and now have 42/60 hp.
You lost 1 mp, and now have 8/12 mp.
You closely miss the wight. You bite the wight. You drain its power.
You feel invigorated.
Your +7 flail of the Destroying Gods {spect, Will+, mace} hits the wight but does no damage.
You feel yourself speed up.
You feel sick. The wight barely misses you.
The wight hits your +7 flail of the Destroying Gods {spect, Will+, mace} with a +5 hand axe.
Your spectral weapon shares its damage with you!
A wight comes into view. It is wielding a +4 spear of freezing.
The wight misses you.
The wight hits you from afar with a +4 spear of freezing!
* * * LOW HITPOINT WARNING * * *
You feel drained.
* * * LOW HITPOINT WARNING * * *
The wight freezes you.
* * * LOW HITPOINT WARNING * * *
The wight closely misses you.
The wight barely misses your +7 flail of the Destroying Gods {spect, Will+, mace}. 😨 HP[-17] MP[-3]
You now have 58 max hp (-2).
You take 17 damage, and now have 25/58 hp.
MASSIVE DAMAGE!! (PAUSE)
You lost 3 mp, and now have 5/12 mp.
You hit the wight.
Your +7 flail of the Destroying Gods {spect, Will+, mace} closely misses the wight.
You feel sick. The wight hits you but does no damage.
The wight hits you with a +5 hand axe.
* * * LOW HITPOINT WARNING * * *
The wight misses your +7 flail of the Destroying Gods {spect, Will+, mace}.
The wight hits you from afar with a +0 halberd!
* * * LOW HITPOINT WARNING * * *
You feel drained.
* * * LOW HITPOINT WARNING * * *
The wight hits you from afar with a +4 spear of freezing!
Elyvilon protects you from harm!
You feel drained.
* * * LOW HITPOINT WARNING * * *
The wight freezes you.
Elyvilon protects you from harm! 😱 HP[-23] MP[-5]
You now have 54 max hp (-4).
You take 23 damage, and now have 2/54 hp.
MASSIVE DAMAGE!! (PAUSE)
You lost 5 mp, and now have 0/12 mp.
Okay, then.
Okay, then.
Magic courses through your body.
Your +7 flail of the Destroying Gods {spect, Will+, mace} disappears.
You feel sick. You block the wight's attack. The wight closely misses you.
The wight hits you with a +2 morningstar.
* * * LOW HITPOINT WARNING * * *
You feel drained.
The wight hits you from afar with a +4 spear of freezing!
You die...

Skill      XL: |  1  2  3  4  5  6  7  8  9 10 |
---------------+-------------------------------+-----
Short Blades   | 2 |  2.3
Shields        | 3 4 |  4.3
Fighting       | 3 4 5 6 7 9 |  9.6
Armour         | 3 4 5 6 8 |  8.6
Maces & Flails | 1 2 3 5 6 8 |  8.8

Action                     |  1- 3 |  4- 6 |  7- 9 | 10-12 || total
---------------------------+-------+-------+-------+-------++-------
  Melee: Rapier            |    87 |       |       |       ||    87
         Bite              |    26 |    22 |    52 |    77 ||   177
         Flail             |     7 |    84 |   182 |   181 ||   454
  Evoke: Wand              |       |       |     2 |     2 ||     4
    Use: Scroll            |       |    10 |     5 |     3 ||    18
         Potion            |       |       |       |     1 ||     1
   Stab: Distracted        |       |       |     1 |     2 ||     3
 Armour: Scale mail        |    63 |    55 |   145 |   128 ||   391
  Dodge: Dodged            |    46 |    40 |    81 |    63 ||   230
  Block: Buckler           |    26 |    22 |    47 |    29 ||   124

Levels and vault maps discovered:
D:1:      lightli_arrival_maybe_door_vault, layout_basic,
          hellmonk_ecumenical_altar_inner_sanctum
D:2:      layout_loops_corners, serial_bayou_lake_a
D:3:      layout_basic, solitary_fountain, hangedman_decor_growths
D:4:      layout_loops_ring, grunt_temple_overflow_open, zin_academy,
          nicolae_wooded_promenade, uniq_blork_the_orc
D:5:      layout_rooms, mainiacjoe_overflow_catwalk_spiral, serial_shops, shop
D:6:      layout_layer_cave, uniq_pikel, uniq_grinder
D:7:      layout_basic, minmay_temple_entry_proselytizer, enter_bailey_5,
          nicolae_grassy_gnolls
D:8:      layout_basic, uniq_psyche
D:9:      layout_rooms, lair_entry_dummy
D:10:     layout_rooms, orc_0_dummy
Temple:   nicolae_temple_bog_church

Notes
Turn   | Place    | Note
-------+----------+-------------------------------------------
     0 | D:1      | Zonian the Vine Stalker Fighter began the quest for the
                  | Orb.
     0 | D:1      | Reached XP level 1. HP: 11/11 MP: 2/2
     0 | D:1      | magus.rc [v1.9.6]
    20 | D:1      | You pick up a book of the Hunter and begin reading...
    20 | D:1      | You add the spells Sigil of Binding, Call Canine Familiar
                  | and Dimensional Bullseye to your library.
   141 | D:1      | Reached XP level 2. HP: 15/16 MP: 3/3
   189 | D:1      | Reached skill level 2 in Short Blades
   320 | D:1      | Reached skill level 3 in Shields
   326 | D:1      | Reached XP level 3. HP: 19/19 MP: 4/4
   327 | D:1      | Reached skill level 3 in Fighting
   467 | D:1      | Found a faded altar of an unknown god.
   799 | D:2      | Identified the +7 flail of the Destroying Gods {spect,
                  | Will+}
   930 | D:2      | You pick up a book of Touch and begin reading...
   930 | D:2      | You add the spells Kiss of Death, Confusing Touch and
                  | Dispel Undead to your library.
   976 | D:2      | Reached XP level 4. HP: 23/24 MP: 5/5
  1117 | D:2      | Reached skill level 3 in Armour
  1285 | D:2      | You pick up a book of Spatial Translocations and begin
                  | reading...
  1285 | D:2      | You add the spells Blink, Momentum Strike and Lesser
                  | Beckoning to your library.
  1487 | D:3      | Reached skill level 1 in Maces & Flails
  1487 | D:3      | Reached XP level 5. HP: 19/28 MP: 4/6
  1576 | D:3      | Reached XP level 6. HP: 21/33 MP: 2/7
  2066 | D:3      | magus.rc [v1.9.6]
  2220 | D:4      | Reached skill level 2 in Maces & Flails
  2285 | D:4      | Found Todooqin's Weapon Emporium.
  2304 | D:4      | Reached skill level 4 in Fighting
  2306 | D:4      | Found Giog's Distillery.
  2329 | D:4      | Reached skill level 4 in Shields
  2353 | D:4      | Bought a potion of curing for 30 gold pieces
  2353 | D:4      | Bought a potion of might for 40 gold pieces
  2380 | D:4      | Noticed Blork the orc
  2387 | D:4      | Killed Blork the orc
  2490 | D:4      | Reached XP level 7. HP: 35/37 MP: 8/8
  2516 | D:4      | Found a glowing silver altar of Zin.
  2587 | D:4      | Identified the +10 long sword "Tusoest" {freeze, rF+++
                  | Str-3 Dex+4}
  2615 | D:4      | Found a snail-covered altar of Cheibriados.
  2616 | D:4      | Found a shadowy altar of Dithmenos.
  2802 | D:4      | Reached skill level 4 in Armour
  2930 | D:5      | Entered Level 5 of the Dungeon
  2945 | D:5      | Reached skill level 3 in Maces & Flails
  3091 | D:5      | Found a shimmering blue altar of Sif Muna.
  3093 | D:5      | Reached skill level 5 in Fighting
  3093 | D:5      | Gained mutation: You have razor-sharp teeth. [Vine Stalker
                  | growth]
  3093 | D:5      | Reached XP level 8. HP: 41/43 MP: 7/9
  3225 | D:5      | Found Haud Zeis's Distillery.
  3259 | D:5      | HP: 3/43 [orc priest/divine providence (13)]
  3263 | D:5      | Reached skill level 4 in Maces & Flails
  3442 | D:5      | You pick up a book of Winter and begin reading...
  3442 | D:5      | You add the spells Ozocubu's Armour, Metabolic Englaciation
                  | and Sculpt Simulacrum to your library.
  3620 | D:5      | Found an opulent altar of Gozag.
  3649 | D:6      | Noticed Pikel
  3786 | D:6      | Noticed Grinder
  3791 | D:6      | Reached skill level 5 in Armour
  3797 | D:6      | Killed Grinder
  4053 | D:6      | Reached skill level 6 in Fighting
  4310 | D:6      | Killed Pikel
  4311 | D:6      | Reached skill level 5 in Maces & Flails
  4311 | D:6      | Reached XP level 9. HP: 44/49 MP: 8/10
  4504 | D:6      | Identified a scroll of acquirement
  4504 | D:6      | Acquired a manual of Summonings
  4833 | D:7      | Reached skill level 6 in Armour
  5042 | D:7      | Reached skill level 7 in Fighting
  5044 | D:7      | Reached skill level 6 in Maces & Flails
  5063 | D:7      | Found a staircase to the Ecumenical Temple.
  5066 | D:7      | You pick up a book of Geomancy and begin reading...
  5066 | D:7      | You add the spells Sandblast, Passwall, Stone Arrow and
                  | Brom's Barrelling Boulder to your library.
  5073 | Temple   | Entered the Ecumenical Temple
  5085 | Temple   | Became a worshipper of Elyvilon the Healer
  5304 | D:7      | Found a flagged portal.
  5333 | Bailey   | Entered a bailey
  5502 | Bailey   | Reached XP level 10. HP: 55/55 MP: 11/11
  5535 | Bailey   | Found the +7 great mace "Undeadhunter" {deathbane, rN+}
  5583 | Bailey   | Reached skill level 7 in Armour
  5621 | Bailey   | Noticed a gargoyle
  5629 | Bailey   | Killed a gargoyle
  5630 | Bailey   | Reached skill level 8 in Fighting
  5630 | Bailey   | Reached skill level 7 in Maces & Flails
  5973 | D:7      | Reached * piety under Elyvilon
  6078 | D:8      | You pick up a book of the Spheres and begin reading...
  6078 | D:8      | You add the spells Iskenderun's Battlesphere, Fireball,
                  | Conjure Ball Lightning and Orb of Destruction to your
                  | library.
  6140 | D:8      | Noticed Psyche
  6143 | D:8      | Killed Psyche
  6383 | D:8      | You add the spells Haunt, Borgnjor's Revivification and
                  | Death's Door to your library.
  6480 | D:8      | Acquired the +0 hat of the Ornamental God {^Contam rF+
                  | Will+ Slay+2}
  6498 | D:8      | You pick up a book of Storms and begin reading...
  6498 | D:8      | You add the spells Static Discharge, Airstrike and Summon
                  | Lightning Spire to your library.
  6636 | D:9      | Reached skill level 8 in Maces & Flails
  6636 | D:9      | Reached skill level 8 in Armour
  6641 | D:9      | Reached skill level 9 in Fighting
  6645 | D:9      | Reached XP level 11. HP: 41/62 MP: 8/12
  6850 | D:9      | Noticed a manticore
  6858 | D:9      | Killed a manticore
  6912 | D:9      | Reached ** piety under Elyvilon
  6921 | D:9      | Found a staircase to the Lair.
  6946 | D:9      | Acquired the +0 pair of boots of Vanity {Regen+ Str+4}
  7114 | D:10     | Entered Level 10 of the Dungeon
  7206 | D:10     | HP: 9/58 [wight/+0 halberd (11)]
  7206 | D:10     | Elyvilon protects you from harm!
  7206 | D:10     | HP: 2/54 [wight/+4 spear of freezing (4)]
  7206 | D:10     | Elyvilon protects you from harm!
  7207 | D:10     | Slain by a wight

Vanquished Creatures
  Pikel (D:6)
  A manticore (D:9)
  A gargoyle (Bailey)
  Psyche (D:8)
  A hornet (D:10)
  Grinder (D:6)
  15 yaks
  2 wyverns
  A vampire (Bailey)
  2 steam dragons (D:7)
  An acid dragon (D:10)
  2 water moccasins (D:8)
  3 ice beasts
  5 orc warriors
  An ogre (D:5)
  A black bear (D:7)
  A centaur (D:8)
  A lemure (D:5)
  A phantom (D:5)
  A kobold brigand (D:6)
  Blork the orc (D:4)
  A gnoll sergeant (D:7)
  3 bullfrogs
  3 scorpions
  5 killer bees (D:8)
  4 wolf zombies (Bailey)
  7 vampire bats (Bailey)
  15 howler monkeys
  2 jellies
  6 orc priests
  A bombardier beetle (D:5)
  6 hounds
  A sleepcap (D:5)
  3 iguanas
  6 orc wizards
  11 gnolls
  5 adders
  3 white imps
  3 dart slugs
  35 orcs
  10 bats
  5 endoplasms
  6 giant cockroaches
  16 goblins
  6 hobgoblins
  8 jackals
  3 quokkas
  11 ball pythons
  A frilled lizard (D:2)
  9 kobolds
  25 orc zombies (Bailey)
  7 rats
271 creatures vanquished.

Table legend:
 A = Non-vault XP
 B = Vault XP
 C = Vault XP percentage of total XP
 D = Non-vault monster count
 E = Vault monster count
 F = Vault count percentage of total count
                 A         B        C        D         E       F
            +---------+---------+-------+---------+---------+-------
      Total |    9676 |    2893 |  23.0 |     218 |      52 |  19.3
            +---------+---------+-------+---------+---------+-------
        D:1 |      51 |       0 |   0.0 |      30 |       0 |   0.0
        D:2 |      99 |       0 |   0.0 |      23 |       0 |   0.0
        D:3 |     246 |       0 |   0.0 |      28 |       0 |   0.0
        D:4 |     338 |      91 |  21.2 |      24 |       1 |   4.0
        D:5 |     846 |       0 |   0.0 |      17 |       0 |   0.0
        D:6 |     409 |     903 |  68.8 |      15 |       2 |  11.8
        D:7 |    1636 |     197 |  10.7 |      26 |      10 |  27.8
        D:8 |    1713 |     346 |  16.8 |      23 |       1 |   4.2
        D:9 |    3420 |       0 |   0.0 |      21 |       0 |   0.0
       D:10 |     918 |       0 |   0.0 |      11 |       0 |   0.0
     Bailey |       0 |    1356 | 100.0 |       0 |      38 | 100.0
            +---------+---------+-------+---------+---------+-------

Skill      XL: |  1  2  3  4  5  6  7  8  9 10 |
---------------+-------------------------------+-----
Short Blades   | 2 |  2.3
Shields        | 3 4 |  4.3
Fighting       | 3 4 5 6 7 9 |  9.6
Armour         | 3 4 5 6 8 |  8.6
Maces & Flails | 1 2 3 5 6 8 |  8.8

Action                     |  1- 3 |  4- 6 |  7- 9 | 10-12 || total
---------------------------+-------+-------+-------+-------++-------
  Melee: Rapier            |    87 |       |       |       ||    87
         Bite              |    26 |    22 |    52 |    77 ||   177
         Flail             |     7 |    84 |   182 |   181 ||   454
  Evoke: Wand              |       |       |     2 |     2 ||     4
    Use: Scroll            |       |    10 |     5 |     3 ||    18
         Potion            |       |       |       |     1 ||     1
   Stab: Distracted        |       |       |     1 |     2 ||     3
 Armour: Scale mail        |    63 |    55 |   145 |   128 ||   391
  Dodge: Dodged            |    46 |    40 |    81 |    63 ||   230
  Block: Buckler           |    26 |    22 |    47 |    29 ||   124

Illustrated notes

Table legend:
 A = Kills in this place as a percentage of kills in the entire game.
 B = Kills by you in this place as a percentage of kills by you in the entire game.
 C = Kills by friends in this place as a percentage of kills by friends in the entire game.
 D = Other kills in this place as a percentage of other kills in the entire game.
 E = Experience gained in this place as a percentage of experience gained in the entire game.
 F = Experience gained in this place divided by the number of levels of this place that you have seen.
                   A       B       C       D       E      F
               +-------+-------+-------+-------+-------+----------------------
         Total | 100.0 | 100.0 |   N/A |   N/A | 100.0 | 1047.4
       Dungeon |  85.9 |  85.9 |   N/A |   N/A |  89.2 | 1121.3
        Bailey |  14.1 |  14.1 |   N/A |   N/A |  10.8 | 1356.0
               +-------+-------+-------+-------+-------+----------------------

Table legend: (Time is in decaauts)
 A = Elapsed time spent in this place.
 B = Non-inter-level travel time spent in this place.
 C = Inter-level travel time spent in this place.
 D = Time resting spent in this place.
 E = Time spent auto-exploring this place.
 F = Levels seen in this place.
 G = Mean time per level.
                   A        B        C        D        E       F      G
               +--------+--------+--------+--------+--------+-----+--------+
         Total |   7320 |   7067 |    253 |    693 |   4540 |  12 |  610.0 |
       Dungeon |   6814 |   6561 |    253 |    593 |   4393 |  10 |  681.4 |
        Temple |     24 |     24 |      0 |      0 |      0 |   1 |   24.0 |
        Bailey |    482 |    482 |      0 |    100 |    147 |   1 |  482.0 |
               +--------+--------+--------+--------+--------+-----+--------+

Top non-repeatable levels by time:
     D:6: 999 daAuts
     D:2: 889 daAuts
     D:5: 857 daAuts
     D:7: 765 daAuts
     D:3: 758 daAuts
     D:4: 725 daAuts
     D:1: 632 daAuts
     D:8: 573 daAuts
     D:9: 518 daAuts
  Bailey: 482 daAuts
    D:10: 94 daAuts
  Temple: 24 daAuts
